 Dungeon Crawl Stone Soup version 0.27-a0-1036-g8e1b44f6bd (webtiles) character file.

Game seed: 6983703563955165133

9 Sabo the Shield-Bearer (level 2, -1/19 HPs)
             Began as a Gargoyle Fighter on Apr 18, 2021.
             Slain by a ball python (2 damage)
             ... on level 2 of the Dungeon.
             The game lasted 00:04:51 (843 turns).

Sabo the Shield-Bearer (Gargoyle Fighter)            Turns: 843, Time: 00:04:52

Health: -1/19      AC:  9    Str: 19    XL:     2   Next: 12%
Magic:  2/2        EV:  2    Int:  8    God:
Gold:   30         SH: 13    Dex:  9    Spells: 1/1 levels left

rFire    . . .     SeeInvis .   a - +0 flail
rCold    . . .     Faith    .   f - +0 tower shield
rNeg     + . .     Spirit   .   b - +0 scale mail
rPois    ∞         Reflect  .   (no helmet)
rElec    +         Harm     .   (no cloak)
rCorr    .         Rampage  .   (no gloves)
Will     .....                  (no boots)
Stlth    ..........             (no amulet)
HPRegen  0.06/turn              (no ring)
MPRegen  0.08/turn              (no ring)

@: mighty, constricted
A: AC +2, negative energy resistance 1, electricity resistance, torment
resistance 1, unbreathing 1, petrification resistance
a: no special abilities


You were on level 2 of the Dungeon.
You visited 1 branch of the dungeon, and saw 2 of its levels.

You collected 30 gold pieces.

Inventory:

Hand Weapons
 a - a +0 flail (weapon)
 c - a +0 hunting sling
Missiles
 g - 23 arrows
Armour
 b - a +0 scale mail (worn)
 f - a +0 tower shield (worn)
Magical Staves
 e - a staff of fire
Scrolls
 h - a scroll of amnesia {unknown}


   Skills:
 + Level 3.5 Fighting
 + Level 2.0 Maces & Flails
 + Level 3.4 Armour
 + Level 3.6 Shields


You had one spell level left.
You didn't know any spells.
Your spell library was empty.

Dungeon Overview and Level Annotations

Branches:
Dungeon (2/15)

Altars:


Innate Abilities, Weirdness & Mutations

Your stone body is resilient. (AC +2)
You are immune to poison.
You resist negative energy. (rN+)
You are resistant to electric shocks. (rElec)
You are resistant to unholy torment.
You can survive without breathing.
You are immune to petrification.


Message History

The ball python constricts you. The goblin hits you but does no damage.
You block the ball python's attack. The ball python constricts you.
You closely miss the ball python. You block the goblin's attack.
The ball python bites you but does no damage.
The ball python constricts you. You block the goblin's attack.
The ball python bites you. The ball python constricts you.
You closely miss the ball python. You block the goblin's attack.
The ball python bites you.
* * * LOW HITPOINT WARNING * * *
The ball python constricts you.
The ball python bites you but does no damage.
The ball python constricts you. You block the goblin's attack.
You hit the ball python.
The ball python is moderately wounded.
The ball python bites you.
* * * LOW HITPOINT WARNING * * *
The ball python constricts you. You block the goblin's attack.
The ball python bites you.
* * * LOW HITPOINT WARNING * * *
The ball python constricts you.
You feel very mighty all of a sudden. You block the goblin's attack.
The ball python bites you but does no damage.
The ball python constricts you.
Your shield prevents you from hitting the goblin.
The goblin is heavily wounded.
You block the goblin's attack. The ball python barely misses you.
The ball python constricts you. You block the goblin's attack.
You block the ball python's attack. The ball python constricts you.
You barely miss the goblin.
The goblin is heavily wounded.
You block the ball python's attack. The ball python constricts you.
The goblin hits you but does no damage. The ball python bites you.
* * * LOW HITPOINT WARNING * * *
The ball python constricts you. The goblin hits you but does no damage.
You closely miss the ball python.
The ball python is moderately wounded.
You block the ball python's attack. The ball python constricts you.
The goblin hits you but does no damage. The ball python bites you.
You die...

.. .# #. #.##.
#####.##.##.#
.........##.# #.#..##.#
#####.#..##.####
##.............. .# ##
#<#.......#..####..##
#...##.##.......@g......
............†.)..S.#..##
#...##.##............?..
#### ###################


You could see a goblin and a ball python.

Vanquished Creatures
  A bat (D:1)
  An endoplasm (D:1)
  2 giant cockroaches (D:1)
  A frilled lizard (D:2)
  2 kobolds (D:1)
  A rat (D:1)
8 creatures vanquished.

Notes
Turn   | Place    | Note
-------+----------+-------------------------------------------
     0 | D:1      | Sabo the Gargoyle Fighter began the quest for the Orb.
     0 | D:1      | Reached XP level 1. HP: 14/14 MP: 1/1
   442 | D:1      | Reached XP level 2. HP: 19/19 MP: 2/2
   843 | D:2      | Slain by a ball python

Illustrated notes

Levels and vault maps discovered:
D:1:      minmay_arrival_arboretum_small, layout_loops_cross
D:2:      minmay_door_path, layout_loops_ring

Action                   || total
-------------------------++-------
Melee: Flail             ||    41
       Staff             ||    15
  Use: Potion            ||     1
Armor: Scale mail        ||    44
Dodge: Dodged            ||    11
Block: Kite shield       ||    13
       Tower shield      ||    49

Table legend: (Time is in decaauts)
 A = Elapsed time spent in this place.
 B = Non-inter-level travel time spent in this place.
 C = Inter-level travel time spent in this place.
 D = Time resting spent in this place.
 E = Time spent auto-exploring this place.
 F = Levels seen in this place.
 G = Mean time per level.
                   A        B        C        D        E       F      G
               +--------+--------+--------+--------+--------+-----+--------+
         Total |    876 |    876 |      0 |     91 |      0 |   2 |  438.0 |
       Dungeon |    876 |    876 |      0 |     91 |      0 |   2 |  438.0 |
               +--------+--------+--------+--------+--------+-----+--------+

Top non-repeatable levels by time:
     D:1: 812 daAuts
     D:2: 64 daAuts
